 Dungeon Crawl Stone Soup version 0.30-a0-857-gcaf70739d4 (webtiles) character file.

Game seed: 13320126100218765959

5758 avis the Skirmisher (level 10, -2/81 HPs)
             Began as a Demigod Ice Elementalist on Mar 5, 2023.
             Slain by a bullfrog simulacrum (5 damage)
             ... on level 1 of the Lair of Beasts on Mar 6, 2023.
             The game lasted 01:22:59 (13688 turns).

avis the Skirmisher (Demigod Ice Elementalist)     Turns: 13688, Time: 01:23:00

Health: -2/81      AC:  5    Str:  9    XL:     10   Next: 25%
Magic:  18/19      EV: 13    Int: 17    God:
Gold:   1125       SH:  0    Dex: 26    Spells: 10/17 levels left

rFire   + . .      SeeInvis +    b - +2 sling (elec)
rCold   + . .      Faith    .    (no shield)
rNeg    . . .      Spirit   .    j - +0 robe
rPois   +          Reflect  .    o - +0 helmet
rElec   +          Rampage  .    L - +0 cloak
rCorr   +                        M - +0 pair of gloves
Will    +....                    (no boots)
Stlth   +++                      h - amulet of magic regeneration
HPRegen 0.33/turn                t - ring of see invisible
MPRegen 0.56/turn                F - ring of poison resistance

@: resistant, constricted
A: high MP 1, forlorn, divine attributes
a: no special abilities


You were on level 1 of the Lair of Beasts.
You visited 3 branches of the dungeon, and saw 10 of its levels.
You also visited: Sewer.

You collected 1543 gold pieces.
You spent 418 gold pieces at shops.

Inventory:

Hand Weapons
 a - a +5 scimitar of freezing
 b - a +2 sling of electrocution (weapon)
 c - a +2 dagger of holy wrath
 w - the +8 sling of the Beast {antimagic, rElec rF- rN+ SInv Stlth+}
   (You bought it in a shop on level 2 of the Dungeon)

   rF:        It makes you vulnerable to fire.
   rElec:     It insulates you from electricity.
   rN:        It protects you from negative energy.
   SInv:      It lets you see invisible.
   Stlth:     It makes you more stealthy.
Missiles
 f - 3 curare-tipped darts
 g - 5 boomerangs of dispersal
 q - 14 poisoned darts
 B - 3 datura-tipped darts
Armour
 j - a +0 robe (worn)
 o - a +0 helmet (worn)
 L - a +0 cloak (worn)
 M - a +0 pair of gloves (worn)
Jewellery
 h - an amulet of magic regeneration (around neck)
 t - a ring of see invisible (left hand)
 C - a ring of willpower
 F - a ring of poison resistance (right hand)
 O - a ring of protection from fire
Wands
 r - a wand of mindburst (22)
 E - a wand of roots (8)
Scrolls
 d - 2 scrolls of brand weapon {unknown}
 i - 3 scrolls of vulnerability {unknown}
 m - a scroll of poison
 n - 7 scrolls of teleportation {unknown}
 u - a scroll of magic mapping {unknown}
 v - 3 scrolls of enchant armour {unknown}
 y - a scroll of fog {unknown}
 z - a scroll of immolation {unknown}
 A - 3 scrolls of blinking
 G - 3 scrolls of enchant weapon {unknown}
 Q - a scroll of noise {unknown}
Potions
 e - 2 potions of flight
 k - 2 potions of heal wounds
 p - a potion of berserk rage
 s - 2 potions of invisibility
 x - a potion of ambrosia
 D - 4 potions of brilliance
 H - 2 potions of resistance
 K - 2 potions of magic
 N - 3 potions of curing
 P - a potion of haste


   Skills:
 - Level 5.0 Fighting
 - Level 10.0 Ranged Weapons
 - Level 5.0 Dodging
 * Level 4.0 Stealth
 - Level 4.0 Spellcasting
 - Level 7.0 Ice Magic


You had 10 spell levels left.
You knew the following spells:

 Your Spells              Type           Power      Damage    Failure   Level
a - Freeze                Ice            100%       1d10      1%          1
o - Ozocubu's Armour      Ice            27%        N/A       2%          3
r - Frozen Ramparts       Ice            54%        1d9       2%          3

Your spell library contained the following spells:

 Spells                   Type           Power      Damage    Failure   Level
 Foxfire                  Conj/Fire      12%        2x1d4     16%         1
 Magic Dart               Conj           12%        1d3       16%         1
 Shock                    Conj/Air       12%        1d3       16%         1
 Slow                     Hex            12%        N/A       16%         1
 Summon Small Mammal      Summ           12%        N/A       16%         1
 Summon Ice Beast         Ice/Summ       15%        N/A       36%         4
 Call Canine Familiar     Summ           3%         N/A       43%         3
 Confusing Touch          Hex            3%         N/A       43%         3
 Summon Guardian Golem    Hex/Summ       3%         N/A       43%         3
 Swiftness                Air            3%         N/A       43%         3
 Vampiric Draining        Necr           3%         2d6       43%         3
 Airstrike                Air            1%         2d(1-17)  83%         4
 Summon Mana Viper        Hex/Summ       3%         N/A       99%         5
 Monstrous Menagerie      Summ           1%         N/A       100%        7


Dungeon Overview and Level Annotations

Branches:
Dungeon (8/15)             Temple (1/1) D:4            Lair (1/5) D:8
  Sewer (visited)

Shops:
D:2 *   D:7 [

Annotations:
D:7 2 runed translucent doors
Lair:1 1 transporter


Innate Abilities, Weirdness & Mutations

You have an increased reservoir of magic. (+10% MP)
You shall have no god before yourself.
Your divine heritage dramatically boosts your attributes as you level up.


Message History

Press: ? - help, Q - select action, (/) - cycle Shift-Dir - straight line, f - basilisk simulacrum
Aim: a basilisk simulacrum (freezing vapour, 79% to hit)
You shoot a sling bullet.
The sling bullet hits the basilisk simulacrum!
Lightning courses through the basilisk simulacrum!
The basilisk simulacrum vaporises!
The wolf spider simulacrum hits you! The wolf spider simulacrum freezes you!
You resist. The wolf spider simulacrum bites you!
The wolf spider simulacrum freezes you. You resist.
The bullfrog simulacrum hits you but does no damage.
The wolf spider simulacrum hits you! The wolf spider simulacrum freezes you!
You resist. The wolf spider simulacrum misses you.
Fire: b) +2 sling (elec)
Press: ? - help, Q - select action, (/) - cycle Shift-Dir - straight line, f - anaconda simulacrum
Aim: an anaconda simulacrum (freezing vapour, 69% to hit)
You shoot a sling bullet.
The sling bullet hits the anaconda simulacrum.
Lightning courses through the anaconda simulacrum!
The anaconda simulacrum is heavily damaged.
The bullfrog simulacrum closely misses you.
The anaconda simulacrum barely misses you.
The anaconda simulacrum bites you but does no damage.
The wolf spider simulacrum hits you. The wolf spider simulacrum freezes you!
You resist.
* * * LOW HITPOINT WARNING * * *
The wolf spider simulacrum bites you but does no damage.
Your icy armour will break if you move.
Continue?
The bullfrog simulacrum attacks as you move away!
The bullfrog simulacrum barely misses you.
Your icy armour cracks and falls away as you move.
The anaconda simulacrum grabs you. The anaconda simulacrum bites you!
* * * LOW HITPOINT WARNING * * *
The anaconda simulacrum freezes you. You resist.
* * * LOW HITPOINT WARNING * * *
The anaconda simulacrum constricts you.
* * * LOW HITPOINT WARNING * * *
The bullfrog simulacrum hits you.
* * * LOW HITPOINT WARNING * * *
The bullfrog simulacrum freezes you. You resist.
You die...

##.....#.##.....#..#.#
##.................####
#....................##
#######..................
###°°☼○.########........... #
##.#°°°○○#○°°○°°#........... ##
###.##°○°°○#°○☼○☼.#...........
.###....#$[☼°○○Z#.#.°#...........
..#....©#©}○○Z○Z@.©.°#©..........
....#...#:[°○°°Z#.#○☼#...........
........#○°☼°°#○.☼☼°.#...........
..#.....#☼○○°°#°°°☼°○#...........
.###....#☼°°○.########...........
## #....#######.................P
# ##............................
# #.................#.......#.#
##...............####P##.##..


You could see an anaconda simulacrum, a bullfrog simulacrum, a rime drake
simulacrum and a wolf spider simulacrum.

Vanquished Creatures
  A lindwurm (Lair:1)
  3 cane toads (Lair:1)
  Prince Ribbit (D:7)
  7 yaks
  A wyvern (D:8)
  A basilisk (Lair:1)
  A water moccasin (D:6)
  2 orc warriors
  A black bear (D:4)
  2 sky beasts
  2 ice beasts
  A centaur (D:6)
  4 phantoms
  3 scorpions
  7 bullfrogs
  4 wights
  3 jellies
  2 gnoll boudas
  2 hounds
  3 orc priests
  3 iguanas
  3 sleepcaps
  Jessica (D:2)
  5 orc wizards
  A basilisk simulacrum (Lair:1)
  Robin (D:2)
  10 gnolls
  14 adders
  A shadow imp (D:7)
  An ufetubus (D:5)
  3 worms
  5 dart slugs
  24 orcs
  8 endoplasms
  9 giant cockroaches
  18 goblins
  10 hobgoblins
  7 jackals
  9 quokkas
  10 ball pythons
  4 bats
  13 frilled lizards
  3 kobolds
  3 rats
217 creatures vanquished.

Vanquished Creatures (others)
  2 fungi
  A plant (Lair:1)
3 creatures vanquished.

Grand Total: 220 creatures vanquished

Notes
Turn   | Place    | Note
-------+----------+-------------------------------------------
     0 | D:1      | avis the Demigod Ice Elementalist began the quest for the
                  | Orb.
     0 | D:1      | Reached XP level 1. HP: 14/14 MP: 5/5
   228 | D:1      | Reached XP level 2. HP: 20/20 MP: 5/7
  1197 | D:2      | Reached XP level 3. HP: 26/26 MP: 5/9
  1201 | D:2      | Learned a level 3 spell: Frozen Ramparts
  1205 | D:2      | Learned a level 3 spell: Ozocubu's Armour
  1364 | D:2      | Noticed Jessica
  1386 | D:2      | Killed Jessica
  1548 | D:2      | Found Suecwest's Assorted Antiques.
  1763 | D:2      | Reached XP level 4. HP: 33/33 MP: 0/10
  1948 | D:2      | Reached skill level 5 in Ice Magic
  2302 | D:2      | Noticed Robin
  2322 | D:2      | Killed Robin
  2752 | D:3      | Reached XP level 5. HP: 34/38 MP: 8/12
  3810 | D:4      | Reached skill level 1 in Fighting
  3968 | D:4      | Reached XP level 6. HP: 47/47 MP: 11/13
  4016 | D:4      | Found a staircase to the Ecumenical Temple.
  4197 | D:2      | Bought a smoking sling for 162 gold pieces
  4197 | D:2      | Identified the +8 sling of the Beast {antimagic, rElec rF-
                  | rN+ SInv Stlth+} (You bought it in a shop on level 2 of the
                  | Dungeon)
  4274 | D:4      | Reached skill level 1 in Ranged Weapons
  4441 | D:4      | Reached skill level 2 in Ranged Weapons
  4689 | D:4      | Reached skill level 3 in Ranged Weapons
  4774 | D:4      | Got Casting for Absolute Beginners
  5169 | D:5      | Entered Level 5 of the Dungeon
  5502 | D:5      | Reached skill level 4 in Ranged Weapons
  5502 | D:5      | Reached XP level 7. HP: 46/55 MP: 4/14
  6679 | D:6      | Found a glowing drain.
  6691 | Sewer    | Entered a sewer
  8116 | Sewer    | Reached XP level 8. HP: 63/63 MP: 5/15
  8200 | Sewer    | Reached skill level 5 in Ranged Weapons
  8723 | D:2      | Bought a fizzy dark potion for 22 gold pieces
  8723 | D:2      | Bought a smoky clear potion for 22 gold pieces
  8723 | D:2      | Bought a scroll labelled EJOLYR PAECW for 25 gold pieces
  8723 | D:2      | Bought a scroll labelled EMAIMA FEBLAQ for 25 gold pieces
  8723 | D:2      | Bought a scroll labelled VUSI XENAO for 25 gold pieces
  8723 | D:2      | Bought a scroll labelled XUEPPA UJEFE for 25 gold pieces
  8809 | Temple   | Entered the Ecumenical Temple
  8917 | D:6      | Reached skill level 6 in Ranged Weapons
 10293 | D:7      | Reached XP level 9. HP: 71/71 MP: 6/18
 10465 | D:7      | Reached skill level 7 in Ranged Weapons
 10510 | D:7      | Identified the +1 dagger of Capiynniaro {flame, rN+}
 10659 | D:7      | Found the +1 Delatra's gloves {ID++}
 10755 | D:7      | Found Mogeo's Armour Boutique.
 10847 | D:7      | Noticed Prince Ribbit
 10866 | D:7      | Killed Prince Ribbit
 10964 | D:7      | Found a large runed translucent door.
 10965 | D:7      | Found a large runed translucent door.
 11451 | D:8      | Found a staircase to the Lair.
 11487 | D:8      | Reached skill level 8 in Ranged Weapons
 11564 | D:8      | Reached skill level 5 in Fighting
 12168 | D:2      | Bought a glowing sling for 112 gold pieces
 12330 | Lair:1   | Entered Level 1 of the Lair of Beasts
 12377 | Lair:1   | Found a transporter.
 12383 | Lair:1   | Noticed a cane toad
 12390 | Lair:1   | Killed a cane toad
 12482 | Lair:1   | Reached skill level 9 in Ranged Weapons
 12553 | Lair:1   | Noticed a cane toad
 12709 | Lair:1   | Found a transporter.
 12853 | Lair:1   | Killed a cane toad
 12854 | Lair:1   | Reached XP level 10. HP: 81/81 MP: 14/19
 12902 | Lair:1   | Noticed a lindwurm
 12924 | Lair:1   | Killed a lindwurm
 12925 | Lair:1   | Reached skill level 10 in Ranged Weapons
 13522 | Lair:1   | Identified a scroll of acquirement
 13579 | Lair:1   | Acquired 1024 gold pieces
 13610 | Lair:1   | Reached skill level 5 in Dodging
 13688 | Lair:1   | HP: 3/81 [bullfrog simulacrum (2)]
 13688 | Lair:1   | Slain by a bullfrog simulacrum

Illustrated notes

Levels and vault maps discovered:
D:1:      elethiomel_arrival_quiet, layout_basic,
          hellmonk_ecumenical_altar_dog_temple, minmay_tree_intersection
D:2:      layout_basic, serial_shops, nicolae_shop_trees, minmay_misc_feat_room,
          minmay_small_reverse_x, uniq_robin, uniq_jessica
D:3:      layout_loops_ring, old_standard_altar, minmay_misc_feat_iff
D:4:      layout_basic, cheibriados_altar_2, minmay_temple_entry_water_ring
D:5:      kennysheep_spiral_hall, layout_rooms, kennysheep_mini_moat
D:6:      layout_rooms, cheibrodos_sewer_entry_drain, chequers_arboretum,
          dreamdust_mushroom_princess, minmay_crystal_room, dk_vineyard_2,
          st_stairs_9
D:7:      layout_rooms, jmf_multi_god_temple2, serial_shops,
          nicolae_shop_advertising_works [nicolae_subvault_shop_adworks],
          uniq_prince_ribbit1
D:8:      layout_basic, dpeg_oklobed_lair
Temple:   nicolae_temple_no_exploring_needed
Lair:1:   gammafunk_cloud_chamber, layout_cave_pods, nicolae_lair_lindhole,
          infiniplex_staircase_pool_2

Skill      XL: |  1  2  3  4  5  6  7  8  9 10 |
---------------+-------------------------------+-----
Ice Magic      | 4 5 6 7 |  7.0
Spellcasting   | 2 3 4 |  4.0
Fighting       | 1 2 3 4 5 |  5.0
Ranged Weapons | 4 6 9 10 | 10.0
Dodging        | 2 3 4 5 |  5.0
Stealth        | 2 3 4 |  4.0

Action                     |  1- 3 |  4- 6 |  7- 9 | 10-12 || total
---------------------------+-------+-------+-------+-------++-------
  Melee: Unarmed           |     8 |       |       |       ||     8
         Dagger            |    21 |    11 |    13 |       ||    45
   Fire: Sling             |       |    93 |   297 |    21 ||   411
  Throw: Dart              |       |     1 |       |       ||     1
   Cast: Freeze            |    34 |    10 |       |       ||    44
         Frozen Ramparts   |     7 |    20 |    28 |     2 ||    57
         Ozocubu's Armour  |     4 |    15 |    49 |     4 ||    72
    Use: Potion            |       |     1 |     1 |     2 ||     4
         Scroll            |       |       |    11 |     5 ||    16
   Stab: Sleeping          |     5 |     2 |     1 |       ||     8
 Armour: Robe              |    10 |    12 |    44 |     7 ||    73
  Dodge: Dodged            |    39 |    27 |    94 |    22 ||   182

Table legend: (Time is in decaauts)
 A = Elapsed time spent in this place.
 B = Non-inter-level travel time spent in this place.
 C = Inter-level travel time spent in this place.
 D = Time resting spent in this place.
 E = Time spent auto-exploring this place.
 F = Levels seen in this place.
 G = Mean time per level.
                   A        B        C        D        E       F      G
               +--------+--------+--------+--------+--------+-----+--------+
         Total |  13797 |  12036 |   1761 |   4647 |   4761 |  11 | 1254.3 |
       Dungeon |  10570 |   8928 |   1642 |   3027 |   4025 |   8 | 1321.2 |
        Temple |     26 |     21 |      5 |      0 |      0 |   1 |   26.0 |
          Lair |   1357 |   1244 |    113 |    300 |    629 |   1 | 1357.0 |
         Sewer |   1842 |   1842 |      0 |   1320 |    105 |   1 | 1842.0 |
               +--------+--------+--------+--------+--------+-----+--------+

Top non-repeatable levels by time:
     D:2: 1919 daAuts
   Sewer: 1842 daAuts
     D:4: 1472 daAuts
     D:6: 1455 daAuts
     D:5: 1450 daAuts
     D:3: 1401 daAuts
  Lair:1: 1357 daAuts
     D:7: 1026 daAuts
     D:1: 1018 daAuts
     D:8: 827 daAuts
  Temple: 26 daAuts
